 Dungeon Crawl Stone Soup version 0.29-a0-993-g4a18f31a58 (webtiles) character file.

Game seed: 10800597268670788728

980 siradein the Carver (level 8, 0/60 HPs)
             Began as a Barachi Fighter on Aug 3, 2022.
             Slain by a two-headed ogre
             ... wielding a +0 great mace
              (25 damage)
             ... on level 5 of the Dungeon.
             The game lasted 00:18:27 (5447 turns).

siradein the Carver (Barachi Fighter)               Turns: 5447, Time: 00:18:30

Health: 0/60       AC: 13    Str: 17    XL:     8   Next: 17%
Magic:  8/8        EV:  6    Int:  9    God:
Gold:   287        SH: 10    Dex: 14    Spells: 7/7 levels left

rFire   . . .      SeeInvis .   a - +1 long sword
rCold   . . .      Faith    .   c - +0 buckler
rNeg    . . .      Spirit   .   d - +0 chain mail
rPois   .          Reflect  +   (no helmet)
rElec   .          Harm     .   b - +0 cloak
rCorr   +          Rampage  .   z - +1 pair of gloves
Will    .....                   n - +0 pair of boots
Stlth   ..........              A - amulet of reflection
HPRegen 0.20/turn               g - ring of resist corrosion
MPRegen 0.11/turn               (no ring)

@: slow
A: amphibious, slowness 1, strong legs 1, +LOS
a: Hop


You were on level 5 of the Dungeon.
You visited 2 branches of the dungeon, and saw 6 of its levels.

You collected 287 gold pieces.

Inventory:

Hand Weapons
 a - a +1 long sword (weapon)
Missiles
 k - 86 stones (quivered)
Armour
 b - a +0 cloak (worn)
 c - a +0 buckler (worn)
 d - a +0 chain mail (worn)
 n - a +0 pair of boots (worn)
 z - a +1 pair of gloves (worn)
Jewellery
 g - a ring of resist corrosion (left hand)
 A - an amulet of reflection (around neck)
Wands
 G - a wand of charming (9)
Scrolls
 e - a scroll of magic mapping {unknown}
 f - a scroll of immolation {unknown}
 h - 2 scrolls of identify {unknown}
 j - 2 scrolls of brand weapon {unknown}
 l - 3 scrolls of amnesia
 p - 2 scrolls of fog {unknown}
 q - 2 scrolls of teleportation
 s - 2 scrolls of enchant weapon
 w - a scroll of fear {unknown}
 x - a scroll of vulnerability {unknown}
 y - 2 scrolls of blinking {unknown}
 C - a scroll of poison {unknown}
 E - a scroll of summoning {unknown}
 F - a scroll of torment {unknown}
 I - a scroll of silence {unknown}
Potions
 i - a potion of invisibility {unknown}
 m - 3 potions of curing
 o - a potion of attraction {unknown}
 r - a potion of haste {unknown}
 t - 2 potions of magic {unknown}
 u - a potion of mutation {unknown}
 v - 2 potions of lignification {unknown}
 B - a potion of berserk rage {unknown}
 D - 2 potions of brilliance {unknown}
 H - a potion of cancellation {unknown}


   Skills:
 + Level 3.8 Fighting
 + Level 10.7 Long Blades
 + Level 3.8 Armour
 + Level 0.8 Dodging
 + Level 3.5 Shields
 + Level 1.0 Evocations


You had 7 spell levels left.
You didn't know any spells.
Your spell library contained the following spells:

 Spells                   Type           Power      Damage    Failure   Level
 Sandblast                Erth           0%         2d4       100%        1
 Summon Small Mammal      Summ           0%         N/A       100%        1
 Passwall                 Tmut/Erth      0%         N/A       100%        2
 Call Canine Familiar     Summ           0%         N/A       100%        3
 Ozocubu's Armour         Ice            0%         N/A       100%        3
 Stone Arrow              Conj/Erth      0%         3d7       100%        3
 Summon Guardian Golem    Hex/Summ       0%         N/A       100%        3
 Metabolic Englaciation   Hex/Ice        0%         N/A       100%        5
 Simulacrum               Ice/Necr       0%         N/A       100%        6


Dungeon Overview and Level Annotations

Branches:
Dungeon (5/15)             Temple (1/1) D:5

Altars:
Ashenzari
Dithmenos
Elyvilon
Fedhas
Gozag
Hepliaklqana
Kikubaaqudgha
Qazlal
Ru
Sif Muna
Uskayaw
Vehumet
Xom
Yredelemnul
Zin
The Shining One

Shops:
D:4 =


Innate Abilities, Weirdness & Mutations

You are amphibious.
You cover ground slowly.
You can hop short distances.
You have an extended range of vision and can be seen from far away.


Message History

The necrophage is almost destroyed.
You hit the necrophage.
You destroy the necrophage!
Your life force feels restored.
Your Evocations skill increases to level 1!
You now have 281 gold pieces (gained 10).
Found a trident.
Things that are here:
a +0 trident; a +0 ring mail You now have 287 gold pieces (gained 6).
You open the door.
A two-headed ogre comes into view.
It is wielding a +0 great mace and a +0 dire flail.
The two-headed ogre shouts in stereo!
As you read the scroll labelled EPHIBB YFFUEFU, it crumbles to dust.
It is a scroll of amnesia.
You feel forgetful for a moment.
As you read the scroll labelled KONEIKLANE, it crumbles to dust.
You feel strangely unstable.
It was a scroll of teleportation.
Your surroundings suddenly seem different.
The two-headed ogre shouts in stereo!
You completely miss the two-headed ogre.
The two-headed ogre hits you with a +0 great mace!
The two-headed ogre hits you with a +0 dire flail.
You slash the two-headed ogre!
The two-headed ogre is lightly wounded.
The two-headed ogre hits you but does no damage.
The two-headed ogre hits you with a +0 dire flail!
You are too injured to fight recklessly!
You are too injured to fight recklessly!
You are too injured to fight recklessly!
You are too injured to fight recklessly!
As you read the scroll labelled EDUCREO MANI, it crumbles to dust.
It is a scroll of enchant weapon.
Your +0 long sword glows red for a moment.
Aiming: Charm
Press: ? - help, Shift-Dir - straight line, f - two-headed ogre
Aim: a two-headed ogre, wielding a +0 great mace and a +0 dire flail (lightly wounded, chance to affect: 33%)
The two-headed ogre easily resists.
The two-headed ogre hits you with a +0 great mace!!
You die...

##. #..........## #. ##..
#........#..# ## ...
#........##.#### #.##
###..............# #..#
###........)####.#.####
#..####...#.......# #.......
#..##...###.......# ##.#####
#.....### #.O.....# #..#
'####...#######.@.....######.####
..........)......#.#............#
....############.#.#............#
.####..............#............#
...#.............###.............
##.#..#########....+.............
......# ####.####.............
####.## #.##.#.)......######..
.....#######.##.##.#####.# #..


You could see a two-headed ogre.

Vanquished Creatures
  Edmund (D:4)
  A sky beast (D:4)
  A black bear (D:4)
  2 ogres
  A necrophage (D:5)
  A scorpion (D:3)
  2 orc priests (D:5)
  Crazy Yiuf (D:4)
  A hound (D:4)
  Terence (D:3)
  An iguana (D:5)
  8 gnolls
  6 adders
  An ufetubus (D:4)
  4 worms
  6 orcs
  8 ball pythons
  8 bats
  10 endoplasms
  A giant cockroach (D:3)
  2 goblins
  7 hobgoblins
  2 jackals (D:4)
  3 quokkas
  2 frilled lizards
  8 kobolds
  5 rats
94 creatures vanquished.

Notes
Turn   | Place    | Note
-------+----------+-------------------------------------------
     0 | D:1      | siradein the Barachi Fighter began the quest for the Orb.
     0 | D:1      | Reached XP level 1. HP: 18/18 MP: 1/1
   185 | D:1      | Reached skill level 3 in Long Blades
   195 | D:1      | Reached XP level 2. HP: 24/24 MP: 2/2
  1038 | D:2      | Reached skill level 4 in Long Blades
  1155 | D:2      | Found a faded altar of an unknown god.
  1159 | D:2      | Reached XP level 3. HP: 29/29 MP: 3/3
  1719 | D:3      | Reached skill level 5 in Long Blades
  1882 | D:3      | Reached XP level 4. HP: 33/36 MP: 4/4
  2200 | D:3      | Reached skill level 6 in Long Blades
  2259 | D:3      | Noticed Terence
  2276 | D:3      | Killed Terence
  2277 | D:3      | Reached XP level 5. HP: 28/41 MP: 5/5
  2726 | D:3      | Reached skill level 7 in Long Blades
  2753 | D:4      | Noticed an ogre
  2767 | D:4      | Killed an ogre
  2768 | D:4      | Reached XP level 6. HP: 47/47 MP: 6/6
  3027 | D:4      | Noticed a black bear
  3037 | D:4      | Killed a black bear
  3038 | D:4      | Reached skill level 8 in Long Blades
  3065 | D:4      | Found a runed translucent door.
  3066 | D:4      | Noticed Crazy Yiuf
  3094 | D:4      | Found Pelloluo's Jewellery Shop.
  3174 | D:4      | Noticed a sky beast
  3207 | D:4      | Killed a sky beast
  3208 | D:4      | Reached skill level 9 in Long Blades
  3208 | D:4      | Reached XP level 7. HP: 16/52 MP: 7/7
  3497 | D:4      | Noticed Edmund
  3520 | D:4      | Killed Edmund
  3813 | D:4      | Reached skill level 10 in Long Blades
  3964 | D:4      | Killed Crazy Yiuf
  4125 | D:5      | Entered Level 5 of the Dungeon
  4152 | D:5      | Found a shadowy altar of Dithmenos.
  4340 | D:5      | Reached XP level 8. HP: 7/59 MP: 8/8
  4646 | D:5      | Found a staircase to the Ecumenical Temple.
  4658 | Temple   | Entered the Ecumenical Temple
  5307 | D:5      | Reached skill level 1 in Evocations
  5386 | D:5      | Noticed a two-headed ogre
  5447 | D:5      | Slain by a two-headed ogre

Illustrated notes

Levels and vault maps discovered:
D:1:      denvon_arrival_waterhouse, layout_basic, serial_bayou_pond_d
D:2:      layout_loops_ring, shapermc_ecumenical_altar_notcrosses,
          minmay_fountain_box, corexii_item_surrounded_by_moat
D:3:      layout_rooms, uniq_terence
D:4:      cheibrodos_barr_body, layout_rooms, serial_shops, kennysheep_mini,
          uniq_edmund, uniq_crazy_yiuf_cottage
D:5:      lemuel_ice_spiral_2, layout_basic, grunt_dithmenos_smoke_and_mirrors,
          general_overflow_altar, temple_fountains, serial_glass,
          glass_columns_a, glass_columns_b
Temple:   bh_familiar_temple

Skill      XL: |  1  2  3  4  5  6  7  8 |
---------------+-------------------------+-----
Long Blades    | 3 4 5 6 7 9 10 | 10.7
Evocations     | 1 |  1.0
Fighting       | |  3.8
Armour         | |  3.8
Dodging        | |  0.8
Shields        | |  3.5

Action                   |  1- 3 |  4- 6 |  7- 9 || total
-------------------------+-------+-------+-------++-------
Melee: Long sword        |   112 |   138 |   130 ||   380
 Abil: Hop               |       |       |     2 ||     2
Evoke: Wand              |       |       |    10 ||    10
  Use: Potion            |       |       |     4 ||     4
       Scroll            |       |       |     3 ||     3
Armor: Scale mail        |    59 |    42 |     1 ||   102
       Chain mail        |       |       |    38 ||    38
Dodge: Dodged            |    54 |    40 |    27 ||   121
Block: Buckler           |    30 |    45 |    56 ||   131
       Reflection        |       |     1 |       ||     1

Table legend: (Time is in decaauts)
 A = Elapsed time spent in this place.
 B = Non-inter-level travel time spent in this place.
 C = Inter-level travel time spent in this place.
 D = Time resting spent in this place.
 E = Time spent auto-exploring this place.
 F = Levels seen in this place.
 G = Mean time per level.
                   A        B        C        D        E       F      G
               +--------+--------+--------+--------+--------+-----+--------+
         Total |   6078 |   5801 |    277 |    443 |   4394 |   6 | 1013.0 |
       Dungeon |   5876 |   5620 |    256 |    443 |   4219 |   5 | 1175.2 |
        Temple |    202 |    182 |     20 |      0 |    175 |   1 |  202.0 |
               +--------+--------+--------+--------+--------+-----+--------+

Top non-repeatable levels by time:
     D:3: 1550 daAuts
     D:4: 1369 daAuts
     D:5: 1217 daAuts
     D:1: 923 daAuts
     D:2: 816 daAuts
  Temple: 202 daAuts
